 Dungeon Crawl Stone Soup version 0.20.0-15-g7f486f2 (webtiles) character file.

98 systemy the Chopper (level 4, -4/40 HPs)
             Began as a Minotaur Berserker on June 23, 2017.
             Was a Believer of Trog.
             Killed by divine providence
             ... invoked by an orc priest
              (12 damage)
             ... on level 3 of the Dungeon.
             The game lasted 00:07:00 (2071 turns).

systemy the Chopper (Minotaur Berserker)            Turns: 2071, Time: 00:07:01

Health: -4/40      AC:  9    Str: 23    XL:     4   Next: 43%
Magic:  3/3        EV: 11    Int:  4    God:    Trog [**....]
Gold:   183        SH:  0    Dex:  9    Spells: 3/3 levels left

rFire    . . .     SeeInvis .   a - +0 hand axe
rCold    . . .     Gourm    .   (no shield)
rNeg     . . .     Faith    .   m - +0 scale mail
rPois    .         Spirit   .   (helmet restricted)
rElec    .         Reflect  .   j - +2 cloak
rCorr    .         Harm     .   (no gloves)
MR       .....                  (no boots)
Stlth    ..........             (no amulet)
Regen    0.2/turn               (no ring)
MPRegen  0.1/turn               (no ring)

@: no status effects
A: retaliatory headbutt, horns 2
a: Berserk, Trog's Hand, Burn Spellbooks, Renounce Religion


You were on level 3 of the Dungeon.
You worshipped Trog.
Trog was pleased with you.
You were hungry.

You visited 1 branch of the dungeon, and saw 3 of its levels.

You collected 183 gold pieces.

Inventory:

Hand Weapons
 a - a +0 hand axe (weapon)
Armour
 b - a +0 animal skin
 j - a +2 cloak (worn)
 m - a +0 scale mail (worn)
Jewellery
 f - an uncursed amulet of regeneration {unknown}
 n - an uncursed ring of flight {unknown}
Scrolls
 e - 3 scrolls of fog {unknown}
 h - 2 scrolls of remove curse {unknown}
 k - a scroll of enchant weapon {unknown}
 p - 2 scrolls of identify {unknown}
 r - 2 scrolls of magic mapping {unknown}
 t - a scroll of recharging {unknown}
 u - 2 scrolls of blinking {unknown}
 w - a scroll of amnesia {unknown}
Potions
 d - 4 potions of flight {unknown}
 g - a potion of agility {unknown}
 l - 4 potions of might {unknown}
 o - 2 potions of magic {unknown}
 q - 2 potions of brilliance {unknown}
 v - a potion of lignification {unknown}
Comestibles
 c - 3 bread rations
 i - 2 meat rations
 s - 2 fruits


   Skills:
 + Level 4.1 Fighting
 * Level 5.7 Axes
 + Level 2.7 Armour
 + Level 2.5 Dodging


You had 3 spell levels left.
You didn't know any spells.

Dungeon Overview and Level Annotations

Branches:
Dungeon (3/15)

Altars:
Ashenzari
Kikubaaqudgha


Innate Abilities, Weirdness & Mutations

You reflexively headbutt those who attack you in melee.
You have a pair of horns on your head.


Message History

Trog accepts your kill. Something hits you but does no damage.
The orc hits you with a short sword of electrocution.
You slash the orc!
You kill the orc!
Trog accepts your kill.
You hit something but do no damage. You hit the orc.
The orc priest invokes the aid of Beogh against you.
Beogh smites you!
* * * LOW HITPOINT WARNING * * *
The orc barely misses you. Something hits you but does no damage.
You hit the orc.
You kill the orc!
Trog accepts your kill.
You completely miss something. Something hits you but does no damage.
You hit the orc priest but do no damage.
You barely miss something.
The orc priest calls down the wrath of Beogh upon you.
Beogh smites you!
You die...

....### ......# ...#
......# ....# ## ......
..... #.# ....# ......#.
.#....# #.. ...# #o....#
### #.#####.###@....#
..####...........[...#
#.....# #......()....#
#.....# #...).########
#.....# #...(....##########
#.....# ##'##....##.......#
#.....####.##>............#
####....##.##.............#
## ####.#..##........######


You could see an orc priest.

Vanquished Creatures
  An adder (D:2)
  An ooze (D:2)
  2 dart slugs (D:2)
  4 leopard geckos
  11 orcs (D:3)
  A giant cockroach (D:1)
  8 goblins
  6 hobgoblins
  6 jackals
  5 kobolds
  A quokka (D:3)
  A ball python (D:2)
  5 bats
  2 frilled lizards (D:1)
  6 rats
60 creatures vanquished.

Notes
Turn   | Place    | Note
-------+----------+-------------------------------------------
     0 | D:1      | systemy the Minotaur Berserker began the quest for the Orb.
     0 | D:1      | Reached XP level 1. HP: 19/19 MP: 0/0
    38 | D:1      | Reached skill level 4 in Axes
   148 | D:1      | Reached XP level 2. HP: 22/27 MP: 1/1
   845 | D:2      | Found an ancient bone altar of Kikubaaqudgha.
   924 | D:2      | Reached XP level 3. HP: 33/33 MP: 2/2
  1195 | D:2      | Reached skill level 5 in Axes
  1538 | D:2      | Reached ** piety under Trog
  1697 | D:3      | Found a shattered altar of Ashenzari.
  1712 | D:3      | Reached XP level 4. HP: 40/40 MP: 3/3
  2071 | D:3      | Killed from afar by an orc priest

Skill      XL: |  1  2  3 |
---------------+----------+-----
Axes           | 4 5 |  5.7
Fighting       | 4 |  4.1
Armour         | |  2.7
Dodging        | |  2.5

Action                   |  1- 3 |  4- 6 || total
-------------------------+-------+-------++-------
Melee: Hand axe          |    84 |    36 ||   120
       Headbutt          |     9 |     7 ||    16
  Eat: Chunk             |     3 |       ||     3
Armor: Animal skin       |     5 |       ||     5
       Scale mail        |    29 |    17 ||    46
Dodge: Dodged            |    50 |    33 ||    83
